 Dungeon Crawl Stone Soup version 0.22-a0-161-g198051c (webtiles) character file.

392 wolfsongas the Grappler (level 6, -1/59 HPs)
             Began as a Troll Monk on Feb 11, 2018.
             Slain by a gnoll
             ... wielding a +0 whip
              (2 damage)
             ... on level 4 of the Dungeon.
             The game lasted 00:05:48 (2510 turns).

wolfsongas the Grappler (Troll Monk)                Turns: 2510, Time: 00:05:49

Health: -1/59      AC:  6    Str: 20    XL:     6   Next: 51%
Magic:  5/5        EV: 10    Int:  6    God:
Gold:   96         SH:  0    Dex: 14    Spells: 5/5 levels left

rFire    . . .     SeeInvis +     - Unarmed
rCold    . . .     Gourm    +   (no shield)
rNeg     . . .     Faith    .   a - +0 robe
rPois    .         Spirit   .   (helmet restricted)
rElec    .         Reflect  .   (no cloak)
rCorr    .         Harm     .   (gloves unavailable)
MR       .....     Clarity  +   (boots unavailable)
Stlth    ++........             (no amulet)
HPRegen  0.59/turn              m - ring of see invisible
MPRegen  0.09/turn              (no ring)

@: no status effects
A: large, unfitting armour, claws 3, molten scales 1, clarity, deformed body,
fast metabolism 3, gourmand, regeneration 1, shaggy fur 1, tough skin 2
a: no special abilities


You were on level 4 of the Dungeon.
You were completely stuffed.

You visited 1 branch of the dungeon, and saw 4 of its levels.
You also visited: Sewer.

You collected 96 gold pieces.

Inventory:

Armour
 a - a +0 robe (worn)
Jewellery
 m - a ring of see invisible (left claw)
Scrolls
 c - 2 scrolls of fear
 d - a scroll of identify
 f - 2 scrolls of teleportation
 j - a scroll of blinking
Potions
 e - a potion of agility
 i - a potion of brilliance {unknown}
 k - a potion of lignification {unknown}
Comestibles
 b - 14 rations
 g - 6 chunks of flesh


   Skills:
 - Level 2.4 Fighting
 - Level 2.4 Dodging
 - Level 1.0 Stealth
 * Level 11.8 Unarmed Combat


You had 5 spell levels left.
You didn't know any spells.

Dungeon Overview and Level Annotations

Branches:
Dungeon (4/15)
 Temple: D:4-7

Altars:
Dithmenos

Annotations:
D:4 Ijyb


Innate Abilities, Weirdness & Mutations

You are too large for most types of armour.
You have claws for hands.
Your metabolism is lightning-fast.
You like to eat raw meat.
Your natural rate of healing is unusually fast.
You are covered in fur. (AC +1)
You have very tough skin. (AC +2)
You are partially covered in molten scales. (AC +2)
You possess an exceptional clarity of mind.
Armour fits poorly on your strangely shaped body.


Message History

The gnoll hits you but does no damage.
The gnoll hits you from afar with a halberd.
The gnoll barely misses you.
You barely miss Ijyb.
Ijyb is moderately wounded.
Ijyb completely misses you.
The gnoll hits you with a whip of electrocution!
The gnoll misses you.
You claw Ijyb!
Ijyb is severely wounded.
The gnoll hits you but does no damage.
Ijyb screams, "Level is mine!
All mine!"
Ijyb hits you.
The gnoll hits you with a whip of electrocution.
* * * LOW HITPOINT WARNING * * *
You are electrocuted!
* * * LOW HITPOINT WARNING * * *
It was a potion of magic.
Magic courses through your body. The gnoll hits you with a whip.
You die...

.##.............
..#.............
..#.............
..+..#.......... ..
..############## .# ..#
.. ### .# ..
##################.# ..#
...............(@gg#...#
###############.gg......
..# #.g....... ..###
#......>.. ....#
#......... ....#
#......... ....#
#......... ....#
#######+#+ ....#


You could see Ijyb and 4 gnolls.

Vanquished Creatures
  2 orc priests
  An orc wizard (D:3)
  A worker ant (D:4)
  5 adders
  4 gnolls (D:4)
  An ooze (D:3)
  2 worms
  2 dart slugs
  3 leopard geckos
  8 orcs
  6 ball pythons
  4 bats
  6 giant cockroaches
  9 goblins
  7 hobgoblins
  14 jackals
  6 frilled lizards
  18 kobolds
  7 rats
  2 plants (Sewer)
108 creatures vanquished.

Notes
Turn   | Place    | Note
-------+----------+-------------------------------------------
     0 | D:1      | wolfsongas the Troll Monk began the quest for the Orb.
     0 | D:1      | Reached XP level 1. HP: 22/22 MP: 0/0
    36 | D:1      | Reached XP level 2. HP: 25/29 MP: 1/1
   110 | D:1      | Reached skill level 4 in Unarmed Combat
   221 | D:1      | Reached XP level 3. HP: 36/36 MP: 2/2
   611 | D:2      | Reached skill level 11 in Unarmed Combat
   611 | D:2      | Reached XP level 4. HP: 44/44 MP: 3/3
   672 | D:2      | Reached XP level 5. HP: 50/50 MP: 4/4
   788 | D:2      | Found a shadowy altar of Dithmenos.
  1108 | D:3      | Found a glowing drain.
  1132 | Sewer    | Entered a sewer
  1905 | D:3      | Reached XP level 6. HP: 53/59 MP: 5/5
  2410 | D:4      | Gained mutation: You expend magic power (3 MP) to strengthen your wands. [potion of mutation]
  2410 | D:4      | Gained mutation: You are partially covered in molten scales. (AC +2) [potion of mutation]
  2410 | D:4      | Gained mutation: Scrolls take you a little longer to read. [potion of mutation]
  2410 | D:4      | Gained mutation: You have a pair of small horns on your head. [potion of mutation]
  2411 | D:4      | Lost mutation: You expend magic power (3 MP) to strengthen your wands. [potion of mutation]
  2411 | D:4      | Lost mutation: Scrolls take you a little longer to read. [potion of mutation]
  2411 | D:4      | Lost mutation: You have a pair of small horns on your head. [potion of mutation]
  2411 | D:4      | Gained mutation: Armour fits poorly on your strangely shaped body. [potion of mutation]
  2411 | D:4      | Gained mutation: You possess an exceptional clarity of mind. [potion of mutation]
  2498 | D:4      | Noticed Ijyb
  2509 | D:4      | HP: 1/59 [gnoll/whip of electrocution (16)]
  2510 | D:4      | Slain by a gnoll

Vault maps used:
D:1:      minmay_arrival_five_plusses, minmay_split_cup_large
D:2:      lemuel_doored_altar, first_ration, minmay_misc_feat_cross
D:3:      portal_sewer_entry_f, kennysheep_pointless_box
D:4:      uniq_ijyb, uniq_natasha, uniq_eustachio
Sewer:    sewer_co_scattered_pipes

Skill      XL: |  1  2  3 |
---------------+----------+-----
Unarmed Combat | 4 11 | 11.8
Fighting       | |  2.4
Dodging        | |  2.4
Stealth        | |  1.0

Action                   |  1- 3 |  4- 6 || total
-------------------------+-------+-------++-------
Melee: Unarmed           |   105 |   151 ||   256
       Punch             |       |     8 ||     8
  Use: Scroll            |     7 |     4 ||    11
       Potion            |     3 |     3 ||     6
 Stab: Sleeping          |     3 |     2 ||     5
  Eat: Chunk             |    11 |    19 ||    30
Armor: Robe              |    45 |    35 ||    80
Dodge: Dodged            |    82 |    66 ||   148

Table legend:
 A = Spawn XP
 B = Non-spawn XP
 C = Spawn XP percentage of total XP
 D = Spawn monster count
 E = Non-spawn monster count
 F = Spawn count percentage of total count
 G = Total turns spent on level
                    A         B        C        D         E        F      G
               +---------+---------+-------+---------+---------+-------+---------
         Total |       0 |     467 |   0.0 |       0 |     106 |   0.0 |  2510
               +---------+---------+-------+---------+---------+-------+---------
           D:1 |       0 |      56 |   0.0 |       0 |      31 |   0.0 |   439
           D:2 |       0 |      59 |   0.0 |       0 |      20 |   0.0 |   656
           D:3 |       0 |     169 |   0.0 |       0 |      28 |   0.0 |   681
           D:4 |       0 |     143 |   0.0 |       0 |      10 |   0.0 |   135
         Sewer |       0 |      40 |   0.0 |       0 |      17 |   0.0 |   599
               +---------+---------+-------+---------+---------+-------+---------
